 Dungeon Crawl Stone Soup version 0.28-a0-980-g3664467d6e (webtiles) character file.

Game seed: 14613252729728624259

2979 Peloso the Blocker (level 9, -2/81 HPs)
             Began as a Minotaur Fighter on Dec 2, 2021.
             Was a Follower of Okawaru.
             Slain by an orc (3 damage)
             ... on level 8 of the Dungeon.
             The game lasted 00:15:41 (9474 turns).

Peloso the Blocker (Minotaur Fighter)               Turns: 9474, Time: 00:15:41

Health: -2/81      AC: 19    Str: 24    XL:     9   Next: 53%
Magic:  6/8        EV:  7    Int:  5    God:    Okawaru [*.....]
Gold:   265        SH: 17    Dex: 11    Spells: 8/8 levels left

rFire   . . .      SeeInvis .   a - +2 falchion (vorpal)
rCold   . . .      Faith    .   c - +0 tower shield
rNeg    . . .      Spirit   .   y - +0 plate armour
rPois   .          Reflect  .   (helmet restricted)
rElec   .          Harm     .   m - +0 cloak
rCorr   .          Rampage  .   p - +0 pair of gloves
Will    .....                   (no boots)
Stlth   ..........              (no amulet)
HPRegen 0.23/turn               (no ring)
MPRegen 0.11/turn               (no ring)

@: lethally poisoned (-2 -> -28), heroic, hasted, very quick
A: horns 2, retaliatory headbutt
a: Renounce Religion, Heroism


You were on level 8 of the Dungeon.
You worshipped Okawaru.
Okawaru was aware of your devotion.
You visited 2 branches of the dungeon, and saw 9 of its levels.

You collected 265 gold pieces.

Inventory:

Hand Weapons
 a - a +2 vorpal falchion (weapon)
 b - a +2 hand axe of flaming
Armour
 c - a +0 tower shield (worn)
 g - a +0 chain mail
 m - a +0 cloak (worn)
 p - a +0 pair of gloves (worn)
 y - a +0 plate armour (worn)
Scrolls
 e - 2 scrolls of holy word
 f - 3 scrolls of fog
 h - 2 scrolls of immolation
 i - 2 scrolls of identify
 k - 2 scrolls of amnesia
 n - 2 scrolls of noise {unknown}
 s - a scroll of enchant weapon {unknown}
 x - a scroll of enchant armour {unknown}
 z - a scroll of summoning {unknown}
 A - a scroll of teleportation {unknown}
 B - a scroll of torment {unknown}
Potions
 d - a potion of resistance {unknown}
 j - a potion of experience {unknown}
 l - a potion of flight
 o - a potion of brilliance {unknown}
 r - a potion of ambrosia {unknown}
 t - a potion of heal wounds {unknown}
 u - a potion of berserk rage {unknown}
 v - a potion of haste
 w - 4 potions of might


   Skills:
 + Level 7.8(12.8) Fighting
 + Level 9.0(14.0) Long Blades
 + Level 8.0(13.0) Armour
 + Level 2.2(7.2) Dodging
 + Level 1.1(6.1) Stealth
 + Level 9.2(14.2) Shields


You had 8 spell levels left.
You didn't know any spells.
Your spell library contained the following spells:

 Spells                   Type           Power      Damage    Failure   Level
 Freeze                   Ice            0%         1d3       100%        1
 Magic Dart               Conj           0%         1d3       100%        1
 Shock                    Conj/Air       0%         1d3       100%        1
 Passwall                 Tmut/Erth      0%         N/A       100%        2
 Searing Ray              Conj           0%         2d4       100%        2
 Frozen Ramparts          Ice            0%         1d2       100%        3
 Swiftness                Air            0%         N/A       100%        3
 Airstrike                Air            0%         N/A       100%        4
 Fulminant Prism          Conj/Hex       0%         3d6       100%        4
 Hailstorm                Conj/Ice       0%         3d3       100%        4
 Ice Form                 Ice/Tmut       0%         N/A       100%        4
 Summon Ice Beast         Ice/Summ       Unusable   N/A       N/A         4

Dungeon Overview and Level Annotations

Branches:
Dungeon (8/15)             Temple (1/1) D:6
   Lair: D:8-11

Altars:
Hepliaklqana
Makhleb
Okawaru
Qazlal
Ru
Trog
Vehumet
Xom
Zin
The Shining One

Annotations:
D:7 2 runed translucent doors


Innate Abilities, Weirdness & Mutations

You have a pair of horns on your head.
You reflexively headbutt those who attack you in melee.


Message History

You block the orc's attack. Something hits you but does no damage.
You are lethally poisoned!
Something hits you but does no damage. The orc hits you but does no damage.
Unknown command.
You gain the combat prowess of a mighty hero.
* * * LOW HITPOINT WARNING * * *
You feel very sick. You block something's attack.
Something hits you but does no damage. You block the orc's attack.
Unknown command.
You feel better. Something hits you but does no damage.
You are poisoned.
Something hits you but does no damage. You block the orc's attack.
You barely miss something.
You feel sick. Something hits you but does no damage.
You are more poisoned.
You hear some strange, mumbled words.
A puff of flame appears from out of thin air!
The puff of flame hits you but does no damage.
Unknown command.
You hit something but do no damage.
* * * LOW HITPOINT WARNING * * *
You feel very sick. You block the orc's attack.
Something hits you but does no damage.
You are lethally poisoned!
Something hits you but does no damage.
Unknown command.
You hit something.
* * * LOW HITPOINT WARNING * * *
You feel very sick.
The orc hits you from afar with a +0 trident.
* * * LOW HITPOINT WARNING * * *
Something hits you but does no damage.
You are more poisoned.
It was a potion of haste.
You feel yourself speed up.
* * * LOW HITPOINT WARNING * * *
You feel extremely sick. Something hits you but does no damage.
The orc hits you from afar with a +0 trident.
You die...

....#
......(...'.............
..
..........#.............
..
###..##..##.............
#
###..##..#.....#####....
#
.........#.....#...#....
#
.........#.....#...#....
#
.........#.....#...#....
#
......)..#.....#...#....
#
.......@.#.....#...#....
#
.####.){{#.....###'#....
### #.o..#.......#.###..
..#
#.....#.......'...#..
..#
#.....#.......#...'..
..#
#.....#......<#...#..
..#
#.....#.....>.#...#..
..#
#.....#.......#...#..
..# #.......#...#..


You could see an orc.

Vanquished Creatures
  A vampire (D:5)
  Menkaure (D:5)
  2 water moccasins
  An orc warrior (D:7)
  3 ice beasts
  A sky beast (D:7)
  A necrophage (D:6)
  3 ogres
  A centaur (D:6)
  A phantom (D:7)
  A gnoll sergeant (D:5)
  A scorpion (D:6)
  A wyvern skeleton (D:7)
  A water moccasin zombie (D:4)
  5 killer bees (D:7)
  A water moccasin skeleton (D:4)
  A centaur zombie (D:4)
  A bullfrog zombie (D:5)
  A centaur skeleton (D:6)
  An orc priest (D:4)
  A jelly (D:6)
  8 hounds
  3 iguanas
  Jessica (D:2)
  8 orc wizards
  A scorpion zombie (D:4)
  6 adders
  10 gnolls
  A white imp (D:8)
  3 ufetubi
  3 adder zombies (D:4)
  An adder skeleton (D:4)
  A worm (D:4)
  A dart slug (D:1)
  35 orcs
  6 ball pythons
  11 endoplasms
  2 giant cockroaches
  11 goblins
  11 hobgoblins
  10 kobolds
  5 quokkas
  4 bats
  6 frilled lizards
  6 rats
  4 bushes (D:3)
188 creatures vanquished.

Vanquished Creatures (others)
  9 plants (D:3)
  2 withered plants (D:4)
11 creatures vanquished.

Grand Total: 199 creatures vanquished

Notes
Turn   | Place    | Note
-------+----------+-------------------------------------------
     0 | D:1      | Peloso the Minotaur Fighter began the quest for the Orb.
     0 | D:1      | Reached XP level 1. HP: 19/19 MP: 0/0
   265 | D:1      | Found a faded altar of an unknown god.
   274 | D:1      | Reached XP level 2. HP: 24/27 MP: 1/1
   881 | D:2      | Reached XP level 3. HP: 33/33 MP: 2/2
  1037 | D:2      | Noticed Jessica
  1042 | D:2      | Killed Jessica
  1044 | D:2      | Reached XP level 4. HP: 27/41 MP: 3/3
  1197 | D:3      | Found a radiant altar of Vehumet.
  2139 | D:3      | Found a bloodstained altar of Trog.
  2806 | D:4      | Reached XP level 5. HP: 47/47 MP: 4/4
  2992 | D:4      | Reached skill level 5 in Armour
  3081 | D:4      | Reached XP level 6. HP: 12/53 MP: 5/5
  3084 | D:4      | HP: 2/53 [something (1)]
  3089 | D:4      | HP: 1/53 [orc (1)]
  3092 | D:4      | Reached skill level 5 in Long Blades
  3815 | D:4      | Reached skill level 1 in Dodging
  3815 | D:4      | Reached skill level 5 in Shields
  3913 | D:4      | Reached skill level 5 in Fighting
  4134 | D:5      | Entered Level 5 of the Dungeon
  4289 | D:5      | Noticed an ice beast
  4302 | D:5      | Killed an ice beast
  4303 | D:5      | Reached XP level 7. HP: 61/61 MP: 6/6
  6211 | D:5      | Reached XP level 8. HP: 69/70 MP: 7/7
  6535 | D:5      | Noticed Menkaure
  6539 | D:5      | Killed Menkaure
  6976 | D:6      | Found a glowing golden altar of the Shining One.
  6976 | D:6      | Found a hazy altar of Hepliaklqana.
  7292 | D:6      | Found a staircase to the Ecumenical Temple.
  7302 | Temple   | Entered the Ecumenical Temple
  7315 | Temple   | Became a worshipper of Warmaster Okawaru
  7537 | D:6      | Reached XP level 9. HP: 75/79 MP: 8/8
  7936 | D:6      | Reached * piety under Okawaru
  8459 | D:7      | Found a large runed translucent door.
  8460 | D:7      | Found a large runed translucent door.
  8559 | D:7      | Reached skill level 1 in Stealth
  8960 | D:7      | Found a glowing silver altar of Zin.
  9474 | D:8      | HP: 1/81 [poisoned by an orc wizard]
  9474 | D:8      | Slain by an orc

Illustrated notes

Levels and vault maps discovered:
D:1:      dpeg_arrival_renting, layout_basic, ebering_ecumenical_altar_mist,
          lemuel_another_geyser
D:2:      layout_loops_cross, minmay_strange_pillars, minmay_3d_cube,
          uniq_jessica
D:3:      layout_loops_corners, trog_hazing_becter, nicolae_vehumet_radiance,
          lexackson_kobold_supper
D:4:      layout_gridville, serial_undead, serial_undead_f, serial_undead_f,
          serial_undead_f, serial_undead_e
D:5:      cheibrodos_two_vegetables, layout_loops_corners,
          roderic_st_hans_cross, kennysheep_another_room,
          minmay_misc_feat_hallway, uniq_menkaure
D:6:      layout_cave_pods, mainiacjoe_overflow_large_starburst,
          minmay_temple_entry_butterflies, grunt_decor_junction,
          grunt_decor_resistance, minmay_misc_feat_pillars
D:7:      layout_rooms, jmf_multi_god_temple2, zin_statuary, chequers_garden,
          hex_intersection
D:8:      layout_gridville
Temple:   zaba_magenta_temple

Skill      XL: |  1  2  3  4  5  6  7  8  9 |
---------------+----------------------------+-----
Armour         | 4 5 6 7 8 |  8.0
Fighting       | 4 5 7 |  7.8
Shields        | 4 5 6 7 9 |  9.2
Long Blades    | 3 4 6 8 9 |  9.0
Dodging        | 1 2 |  2.2
Stealth        | 1 |  1.1

Action                   |  1- 3 |  4- 6 |  7- 9 || total
-------------------------+-------+-------+-------++-------
Melee: Long sword        |    66 |   357 |   266 ||   689
       Headbutt          |    10 |   114 |    68 ||   192
       Falchion          |       |       |    90 ||    90
Invok: Heroism           |       |       |     2 ||     2
  Use: Scroll            |       |     4 |     3 ||     7
       Potion            |       |     2 |     4 ||     6
Armor: Scale mail        |    27 |    37 |       ||    64
       Chain mail        |       |    77 |   144 ||   221
       Plate armour      |       |       |    71 ||    71
Dodge: Dodged            |    21 |    34 |    63 ||   118
Block: Tower shield      |    40 |   138 |   339 ||   517
       Buckler           |     2 |       |       ||     2

Table legend: (Time is in decaauts)
 A = Elapsed time spent in this place.
 B = Non-inter-level travel time spent in this place.
 C = Inter-level travel time spent in this place.
 D = Time resting spent in this place.
 E = Time spent auto-exploring this place.
 F = Levels seen in this place.
 G = Mean time per level.
                   A        B        C        D        E       F      G
               +--------+--------+--------+--------+--------+-----+--------+
         Total |   9883 |   9548 |    335 |    656 |   6610 |   9 | 1098.1 |
       Dungeon |   9855 |   9520 |    335 |    656 |   6603 |   8 | 1231.9 |
        Temple |     27 |     27 |      0 |      0 |      7 |   1 |   27.0 |
               +--------+--------+--------+--------+--------+-----+--------+

Top non-repeatable levels by time:
     D:5: 1971 daAuts
     D:4: 1915 daAuts
     D:3: 1826 daAuts
     D:6: 1231 daAuts
     D:7: 975 daAuts
     D:1: 870 daAuts
     D:2: 715 daAuts
     D:8: 348 daAuts
  Temple: 27 daAuts
